 Dungeon Crawl Stone Soup version 0.27.1-4-g1640c2035a (webtiles) character file.

Game seed: 12214343366333163649

10568 Nixze the Destroyer (level 11, -2/69 HPs)
             Began as a Deep Elf Conjurer on Nov 17, 2021.
             Was a Priest of Vehumet.
             Killed from afar by a white imp (7 damage)
             ... with a puff of frost
             ... on level 1 of the Abyss.
             The game lasted 00:47:06 (16321 turns).

Nixze the Destroyer (Deep Elf Conjurer)            Turns: 16321, Time: 00:47:07

Health: -2/69      AC:  7    Str:  4    XL:     11   Next: 37%
Magic:  6/27       EV: 16    Int: 33    God:    Vehumet [***...]
Gold:   704        SH: 11    Dex: 19    Spells: 13/30 levels left

rFire    . . .     SeeInvis .   a - staff of conjuration
rCold    . . .     Faith    .   O - +0 buckler
rNeg     . . .     Spirit   .   H - +2 leather armour {rPois}
rPois    +         Reflect  +   o - +0 helmet
rElec    .         Harm     .   y - +0 cloak
rCorr    .         Rampage  .   (no gloves)
Will     +....                  (no boots)
Stlth    ++........             z - amulet of reflection
HPRegen  0.21/turn              g - +6 ring of intelligence
MPRegen  0.20/turn              L - +6 ring of dexterity

@: about to teleport, studying Polearms, invisible
A: no potion heal 1
a: Renounce Religion


You were on level 1 of the Abyss.
You worshipped Vehumet.
Vehumet was most pleased with you.
You visited 2 branches of the dungeon, and saw 12 of its levels.
You visited the Abyss 1 time.

You collected 704 gold pieces.

Inventory:

Hand Weapons
 f - the +0 whip "Iheusch" {flame, Str+4 Int+4 Stlth+}
   (You found it on level 4 of the Dungeon)

   It burns those it strikes, dealing additional fire damage.
   Str:       It affects your strength (+4).
   Int:       It affects your intelligence (+4).
   Stlth:     It makes you more stealthy.
 r - a +5 dagger of holy wrath
Missiles
 c - 362 stones
Armour
 o - a +0 helmet (worn)
 y - a +0 cloak (worn)
 C - a +0 kite shield
 H - a +2 leather armour of poison resistance (worn)
 O - a +0 buckler (worn)
Magical Staves
 a - a staff of conjuration (weapon)
Jewellery
 g - a +6 ring of intelligence (left hand)
 h - an amulet of guardian spirit
 z - an amulet of reflection (around neck)
 L - a +6 ring of dexterity (right hand)
Wands
 m - a wand of acid (11)
 t - a wand of paralysis (3)
 G - a wand of polymorph (5)
 I - a wand of mindburst (14)
 K - a wand of iceblast (4)
 M - a wand of flame (27)
Scrolls
 d - a scroll of fear {unknown}
 e - a scroll of identify
 k - a scroll of teleportation
 n - a scroll of immolation {unknown}
 p - a scroll of enchant armour {unknown}
 s - 2 scrolls of amnesia
 x - a scroll of blinking
 D - a scroll of fog {unknown}
 F - a scroll of vulnerability
 P - a scroll of summoning {unknown}
Potions
 b - a potion of mutation
 i - 3 potions of brilliance
 j - 2 potions of curing
 l - 4 potions of lignification
 v - 3 potions of ambrosia
 w - a potion of attraction {unknown}
 B - 3 potions of magic
 E - 2 potions of flight {unknown}
 J - 3 potions of heal wounds {unknown}
 N - a potion of cancellation {unknown}


   Skills:
 + Level 8.5 Fighting
 + Level 9.5 Dodging
 - Level 2.4 Stealth
 - Level 4.0 Shields
 - Level 10.0 Spellcasting
 - Level 10.0 Conjurations
 - Level 5.0 Translocations


You had 13 spell levels left.
You knew the following spells:

 Your Spells              Type           Power      Damage    Failure   Level
a - Magic Dart            Conj           100%       1d8       1%          1
b - Searing Ray           Conj           100%       3d7       1%          2
c - Gell's Gravitas       Tloc           24%        N/A       1%          3
d - Iskenderun's Mystic   Conj/Tloc      78%        2d16      1%          4
e - Teleport Other        Tloc           49%        N/A       1%          3
f - Fulminant Prism       Conj/Hex       32%        3d16      1%          4

Your spell library contained the following spells:

 Spells                   Type           Power      Damage    Failure   Level
 Mephitic Cloud           Conj/Pois/Air  55%        N/A       1%          3
 Static Discharge         Conj/Air       65%        N/A       1%          2
 Dazzling Flash           Conj/Hex       100%       N/A       1%          3
 Lesser Beckoning         Tloc           24%        N/A       1%          3
 Stone Arrow              Conj/Erth      100%       3d13      1%          3
 Sticky Flame             Conj/Fire      65%        2d8       1%          4
 Summon Small Mammal      Summ           64%        N/A       4%          1
 Call Canine Familiar     Summ           16%        N/A       16%         3
 Summon Guardian Golem    Hex/Summ       16%        N/A       16%         3
 Animate Armour           Summ/Erth      32%        N/A       45%         4
 Dispel Undead            Necr           16%        3d10      45%         4
 Lehudib's Crystal Spear  Conj/Erth      32%        10d8      100%        8


Dungeon Overview and Level Annotations

Branches:
Dungeon (11/15)            Temple (1/1) D:4            Lair (0/6) D:8
    Orc (0/2) D:11

Altars:
Ashenzari
Cheibriados
Dithmenos
Elyvilon
Fedhas
Gozag
Hepliaklqana
Kikubaaqudgha
Makhleb
Nemelex Xobeh
Okawaru
Qazlal
Ru
Sif Muna
Trog
Uskayaw
Vehumet
Wu Jian
Xom
Yredelemnul
Zin
The Shining One

Shops:
D:4 *   D:7 (   D:9 [

Annotations:
D:11 Erolcha


Innate Abilities, Weirdness & Mutations

Potions are less effective at restoring your health.


Message History

Confirm with . or Enter, or press ? or * to list all spells.
You feel a surge of power!
You erupt in a blast of force!
The mystic blast hits the smoke demon.
The smoke demon is severely wounded.
The smoke demon is knocked back by the mystic blast.
You hear a grinding noise.
An orange demon comes into view.
A cacodemon comes into view.
As you read the scroll of teleportation, it crumbles to dust.
You feel strangely unstable.
You feel the power of the Abyss delaying your translocation!
A sixfirhy comes into view.
The smoke demon gestures at you. Something smites you!
The sixfirhy moves out of view.
A tentacled starspawn comes into view.
The cacodemon gestures at you.
Strange energies course through your body.
Your system partially rejects the healing effects of potions.
The white imp shouts, "Embrace thy fall, thou skyhacking beetle-headed nightsoil!"
The white imp gestures at you. The puff of frost hits you.
The smoke demon gestures at you. The sticky flame hits you.
You are covered in liquid flames!
* * * LOW HITPOINT WARNING * * *
You are covered in liquid flames!
* * * LOW HITPOINT WARNING * * *
Your system partially rejects the healing.
You feel better.
You are covered in liquid flames!
* * * LOW HITPOINT WARNING * * *
The cacodemon misses you. You block the cacodemon's attack.
You are covered in liquid flames!
* * * LOW HITPOINT WARNING * * *
The cacodemon gestures next to you.
Some rock shatters into small pieces.
You fade into invisibility!
The white imp gestures at you. The puff of frost hits you!
You die...

.......##...... # .
#....##. .. #####
...##.......#.. ##... .
.........##. . .
.#.#....3#....#..#.#####
#...... #..#.#.........
#...#. .#..............
.. ....*#..#.#5........
##... ..#..#..#@## # ..
.........3.#
####.#######.#### ###
#.#### ... # . ... ....


You could see a smoke demon and a white imp.

Vanquished Creatures
  Nergalle (D:11)
  A wretched star (Abyss:1)
  Pikel (D:5)
  Joseph (D:8)
  A large abomination (Abyss:1)
  2 kobold demonologists
  A komodo dragon (D:10)
  A tengu conjurer (D:11)
  A troll (D:11)
  A shadow (D:10)
  7 yaks
  A basilisk (D:8)
  A wyvern (D:7)
  A steam dragon (D:9)
  Menkaure (D:7)
  2 acid dragons (D:10)
  A water moccasin (D:8)
  3 sky beasts (D:6)
  An ice beast (D:7)
  A necrophage (D:6)
  6 orc warriors
  An ogre (D:7)
  2 centaurs (D:11)
  A lemure (D:5)
  11 kobold brigands
  4 bullfrogs
  5 gnoll sergeants
  A wyvern zombie (D:6)
  A scorpion (D:5)
  A wyvern skeleton (D:6)
  9 wights
  4 howler monkeys
  6 centaur zombies
  4 hounds
  4 orc priests
  2 jellies
  A centaur skeleton (D:6)
  A gnoll shaman (D:7)
  4 iguanas
  Jessica (D:3)
  10 orc wizards
  A scorpion zombie (D:5)
  A killer bee zombie (D:6)
  19 gnolls
  6 adders
  A shadow imp (D:6)
  A white imp (D:8)
  An adder skeleton (D:4)
  A worm (D:3)
  4 dart slugs
  40 orcs
  6 endoplasms
  3 giant cockroaches
  9 goblins
  6 hobgoblins
  7 jackals
  18 kobolds
  6 quokkas
  5 ball pythons
  5 bats
  2 frilled lizards
  8 rats
259 creatures vanquished.

Vanquished Creatures (others)
  21 fulminant prisms
21 creatures vanquished.

Grand Total: 280 creatures vanquished

Notes
Turn   | Place    | Note
-------+----------+-------------------------------------------
     0 | D:1      | Nixze the Deep Elf Conjurer began the quest for the Orb.
     0 | D:1      | Reached XP level 1. HP: 10/10 MP: 6/6
   256 | D:1      | Found a faded altar of an unknown god.
   268 | D:1      | Reached XP level 2. HP: 15/15 MP: 6/8
   298 | D:1      | Reached skill level 5 in Conjurations
   991 | D:2      | Learned a level 2 spell: Searing Ray
   997 | D:2      | Reached XP level 3. HP: 13/19 MP: 4/9
  1867 | D:2      | Learned a level 3 spell: Gell's Gravitas
  2193 | D:3      | Reached skill level 1 in Translocations
  2193 | D:3      | Reached XP level 4. HP: 24/24 MP: 4/10
  2620 | D:3      | Reached XP level 5. HP: 22/28 MP: 8/11
  2782 | D:3      | Noticed Jessica
  2784 | D:3      | Killed Jessica
  3880 | D:4      | Found Ceromock's Neck Hole.
  4101 | D:4      | Found a staircase to the Ecumenical Temple.
  4107 | Temple   | Entered the Ecumenical Temple
  4121 | Temple   | Became a worshipper of Vehumet
  4200 | D:4      | Found a glowing silver altar of Zin.
  4392 | D:4      | Reached XP level 6. HP: 32/32 MP: 3/12
  4619 | D:4      | Identified the +0 whip "Iheusch" {flame, Str+4 Int+4
                  | Stlth+}
  5141 | D:5      | Entered Level 5 of the Dungeon
  5185 | D:5      | Noticed Pikel
  5192 | D:5      | Killed Pikel
  5193 | D:5      | Reached skill level 5 in Translocations
  5193 | D:5      | Reached XP level 7. HP: 39/40 MP: 3/15
  5703 | D:5      | Learned a level 4 spell: Iskenderun's Mystic Blast
  5710 | D:5      | Reached skill level 5 in Spellcasting
  6032 | D:5      | Found a basalt altar of Yredelemnul.
  6454 | D:6      | Reached XP level 8. HP: 34/45 MP: 10/18
  6520 | D:6      | Reached skill level 5 in Dodging
  7271 | D:6      | Learned a level 3 spell: Teleport Other
  7922 | D:6      | Found a sacrificial altar of Ru.
  7941 | D:6      | Reached * piety under Vehumet
  7941 | D:6      | Offered knowledge of Foxfire by Vehumet.
  8484 | D:6      | Learned a level 4 spell: Fulminant Prism
  8524 | D:6      | Reached XP level 9. HP: 53/53 MP: 14/21
  8607 | D:6      | Reached skill level 5 in Fighting
  8631 | D:6      | Found a shimmering blue altar of Sif Muna.
  8910 | D:7      | Found a snail-covered altar of Cheibriados.
  9057 | D:7      | Noticed Menkaure
  9060 | D:7      | Killed Menkaure
  9242 | D:7      | Found Ucrup's Weapon Shoppe.
  9526 | D:7      | Found a shimmering altar of Xom.
  9834 | D:7      | Found a blossoming altar of Fedhas.
  9896 | D:8      | Noticed Joseph
 10468 | D:8      | Found a staircase to the Lair.
 10637 | D:8      | Killed Joseph
 10949 | D:8      | Noticed a kobold demonologist
 10955 | D:8      | Noticed a soul eater
 10955 | D:8      | Killed a kobold demonologist
 10956 | D:8      | Reached XP level 10. HP: 54/63 MP: 10/22
 11131 | D:8      | Reached ** piety under Vehumet
 11131 | D:8      | Offered knowledge of Sandblast by Vehumet.
 11470 | D:9      | Found Ugucs's Armour Boutique.
 11536 | D:9      | Reached skill level 10 in Conjurations
 11950 | D:9      | Reached skill level 1 in Shields
 13112 | D:9      | Found an ornate altar of the Wu Jian Council.
 13223 | D:10     | Entered Level 10 of the Dungeon
 13234 | D:10     | Offered knowledge of Mephitic Cloud by Vehumet.
 13460 | D:10     | Reached skill level 10 in Spellcasting
 13807 | D:10     | Noticed a +0 falchion
 13808 | D:10     | Noticed a +0 spear
 13808 | D:10     | Noticed a +0 falchion
 13808 | D:10     | Noticed a +0 short sword
 13809 | D:10     | Noticed a +0 spear
 13809 | D:10     | Noticed a +0 dagger
 13809 | D:10     | Noticed a +0 dagger
 13809 | D:10     | Noticed a +0 short sword
 13814 | D:10     | Found a hide-covered altar of Uskayaw.
 14186 | D:10     | Reached *** piety under Vehumet
 14334 | D:10     | Found a burning altar of Makhleb.
 14336 | D:10     | Found a hazy altar of Hepliaklqana.
 14911 | D:11     | Reached XP level 11. HP: 67/67 MP: 21/27
 15120 | D:11     | Noticed Nergalle
 15144 | D:11     | Killed Nergalle
 15180 | D:11     | Noticed Erolcha
 15346 | D:11     | Found a staircase to the Orcish Mines.
 16201 | D:11     | Cast into level 1 of the Abyss (Erolcha)
 16292 | Abyss:1  | Noticed a wretched star
 16310 | Abyss:1  | Killed a wretched star
 16312 | Abyss:1  | Noticed a cacodemon
 16312 | Abyss:1  | Noticed a sixfirhy
 16313 | Abyss:1  | Noticed a tentacled starspawn
 16313 | Abyss:1  | Gained mutation: Potions are less effective at restoring
                  | your health. [a cacodemon]
 16321 | Abyss:1  | Killed from afar by a white imp

Illustrated notes

Levels and vault maps discovered:
D:1:      lemuel_arrival_hallway, layout_loops_cross,
          chequers_ecumenical_altar_simple
D:2:      cheibrodos_old_hovel, layout_loops_ring, uniq_crazy_yiuf_cottage
D:3:      layout_loops_cross, uniq_jessica
D:4:      layout_basic, lemuel_round_altar, minmay_temple_entry_fiery,
          nrook_uturn, nicolae_shop_sticking_my_neck_out
D:5:      layout_loops_cross, lemuel_zombie_altar_yredelemnul, uniq_pikel
D:6:      layout_layer_cave, lemuel_doored_altar, nicolae_ru_awakened_eye,
          st_stairs_10
D:7:      layout_loops_cross, kennysheep_little_box, kennysheep_slug_shrine,
          kennysheep_mini_moat, nicolae_stop_n_shop_1, minmay_crossroads,
          uniq_menkaure
D:8:      layout_basic, lair_entry_dummy, special_room [special_room_kobold],
          uniq_joseph
D:9:      layout_basic, mainiacjoe_overflow_alcove_4, serial_shops,
          nicolae_square_shop
D:10:     layout_basic, chequers_temple_overflow_statue_of_worship,
          nicolae_uskayaw_en_pointe, chequers_serial_rivers_small_3
D:11:     layout_loops_cross, kennysheep_orc_monster_closet_entryway,
          uniq_erolcha, uniq_nergalle
Temple:   minmay_freezing_vapour_temple
Abyss:1:  base: D:1, abyss_furniture_001

Skill      XL: |  1  2  3  4  5  6  7  8  9 10 11 |
---------------+----------------------------------+-----
Conjurations   | 5 6 7 9 10 | 10.0
Translocations | 1 2 3 5 |  5.0
Fighting       | 2 4 7 8 |  8.5
Dodging        | 4 7 8 9 |  9.5
Spellcasting   | 4 5 7 10 | 10.0
Shields        | 4 |  4.0
Stealth        | |  2.4

Action                   |  1- 3 |  4- 6 |  7- 9 | 10-12 || total
-------------------------+-------+-------+-------+-------++-------
Melee: Short sword       |     3 |       |       |       ||     3
       Dagger            |     2 |     5 |       |       ||     7
       Whip              |       |       |    13 |       ||    13
       Staff             |       |       |       |     1 ||     1
 Cast: Magic Dart        |    77 |    95 |   147 |   155 ||   474
       Searing Ray       |     4 |    12 |    38 |    18 ||    72
       Gell's Gravitas   |       |     1 |    13 |    12 ||    26
       Fulminant Prism   |       |       |     6 |    16 ||    22
       Iskenderun's Myst |       |       |     5 |    42 ||    47
       Teleport Other    |       |       |     1 |     2 ||     3
Evoke: Wand              |       |       |     1 |       ||     1
  Use: Scroll            |       |     4 |       |    11 ||    15
       Potion            |       |       |     1 |     3 ||     4
Armor: Robe              |     1 |     2 |     6 |       ||     9
       Leather armour    |       |       |       |    10 ||    10
Dodge: Dodged            |     6 |    15 |    39 |    30 ||    90
Block: Other             |       |       |       |     3 ||     3
       Reflection        |       |       |       |     3 ||     3
       Buckler           |       |       |       |     5 ||     5
